 Dungeon Crawl Stone Soup version 0.28.0-53-g5a82cb258f (webtiles) character file.

Game seed: 10153054665547359020

5334 Renzlar the Blocker (level 10, -2/82 HPs)
             Began as a Gnoll Fighter on Aug 9, 2022.
             Was an Elder of Okawaru.
             Slain by a troll (11 damage)
             ... on level 9 of the Dungeon.
             The game lasted 00:28:22 (10307 turns).

Renzlar the Blocker (Gnoll Fighter)                Turns: 10307, Time: 00:28:23

Health: -2/82      AC: 12    Str: 23    XL:     10   Next: 64%
Magic:  18/18      EV:  7    Int:  7    God:    Okawaru [****..]
Gold:   476        SH: 20    Dex: 12    Spells: 19/19 levels left

rFire   . . .      SeeInvis .   c - +6 hunting sling "Giantbane" {venom, rC+ Will+ Str+3}
rCold   + . .      Faith    .   p - +0 tower shield
rNeg    . . .      Spirit   .   F - +0 chain mail
rPois   .          Reflect  +   (no helmet)
rElec   .          Harm     .   j - +0 cloak
rCorr   .          Rampage  .   (no gloves)
Will    +....                   (no boots)
Stlth   ..........              C - amulet of reflection
HPRegen 0.23/turn               (no ring)
MPRegen 0.16/turn               (no ring)

@: no status effects
A: fangs 1, strong nose, distributed training
a: Renounce Religion, Heroism, Finesse


You were on level 9 of the Dungeon.
You worshipped Okawaru.
Okawaru was greatly pleased with you.
You visited 2 branches of the dungeon, and saw 11 of its levels.

You collected 476 gold pieces.

Inventory:

Hand Weapons
 a - a +2 war axe
 c - the +6 hunting sling "Giantbane" (weapon) {venom, rC+ Will+ Str+3}
   (You took it off an orc on level 6 of the Dungeon)

   Any ammunition fired from it poisons the flesh of those it strikes.
   Str:       It affects your strength (+3).
   rC:        It protects you from cold.
   Will:      It increases your willpower.
 e - a +2 rapier of electrocution
Missiles
 f - 18 poisoned darts
 g - 3 boomerangs
 k - 293 stones (quivered ammo)
 m - 83 sling bullets
 y - 43 bolts
Armour
 j - a +0 cloak (worn)
 p - a +0 tower shield (worn)
 x - a +0 buckler
 B - the +4 leather armour "Cenutw Iqah" {Will+ Dex+6}
   (You found it on level 7 of the Dungeon)

   Dex:       It affects your dexterity (+6).
   Will:      It increases your willpower.
 F - a +0 chain mail (worn)
Jewellery
 l - a ring of protection from fire
 A - a ring of poison resistance
 C - an amulet of reflection (around neck)
Wands
 t - a wand of digging (5)
 w - a wand of mindburst (7)
Scrolls
 b - a scroll of identify
 s - 3 scrolls of amnesia
 u - 2 scrolls of fog
Potions
 d - 3 potions of might
 h - a potion of brilliance {unknown}
 i - 4 potions of curing {unknown}
 n - a potion of invisibility {unknown}
 o - 2 potions of mutation
 r - a potion of magic
 v - 3 potions of flight
 z - 2 potions of heal wounds
 D - a potion of lignification
 E - a potion of ambrosia


   Skills:
 + Level 8.6 Fighting
 + Level 5.4 Short Blades
 + Level 5.4 Long Blades
 + Level 7.2 Axes
 + Level 5.4 Maces & Flails
 + Level 5.4 Polearms
 + Level 5.4 Staves
 + Level 5.4 Slings
 + Level 5.4 Bows
 + Level 5.4 Crossbows
 + Level 5.4 Throwing
 + Level 8.6 Armour
 + Level 5.4 Dodging
 + Level 5.4 Stealth
 + Level 8.6 Shields
 + Level 5.4 Unarmed Combat
 + Level 5.4 Spellcasting
 + Level 4.5 Conjurations
 + Level 4.5 Hexes
 + Level 4.5 Summonings
 + Level 4.5 Necromancy
 + Level 4.5 Translocations
 + Level 4.5 Transmutations
 + Level 4.5 Fire Magic
 + Level 4.5 Ice Magic
 + Level 4.5 Air Magic
 + Level 4.5 Earth Magic
 + Level 4.5 Poison Magic
 + Level 6.0 Invocations
 + Level 5.4 Evocations


You had 19 spell levels left.
You didn't know any spells.
Your spell library contained the following spells:

 Spells                   Type           Power      Damage    Failure   Level
 Sandblast                Erth           16%        2d6       88%         1
 Blink                    Tloc           16%        N/A       96%         2
 Passwall                 Tmut/Erth      6%         N/A       96%         2
 Sublimation of Blood     Necr           8%         N/A       96%         2
 Gell's Gravitas          Tloc           8%         N/A       99%         3
 Lesser Beckoning         Tloc           8%         N/A       99%         3
 Stone Arrow              Conj/Erth      16%        3d8       99%         3
 Teleport Other           Tloc           8%         N/A       99%         3
 Petrify                  Tmut/Erth      8%         N/A       100%        4
 Irradiate                Conj/Tmut      4%         3d15      100%        5
 Manifold Assault         Tloc           8%         N/A       100%        5
 Storm Form               Tmut/Air       4%         N/A       100%        7


Dungeon Overview and Level Annotations

Branches:
Dungeon (10/15)            Temple (1/1) D:4
   Lair: D:8-11         Orc: D:9-12

Altars:
Ashenzari
Cheibriados
Elyvilon
Fedhas
Hepliaklqana
Kikubaaqudgha
Okawaru
Qazlal
Trog
Uskayaw
Vehumet
Wu Jian
Yredelemnul
The Shining One


Innate Abilities, Weirdness & Mutations

You have very sharp teeth.
Your uncanny sense of smell can sniff out nearby items.
Your experience applies equally to all skills.


Message History

Fire: 297 stones
Press: ? - help, Q - select action, (/) - cycle Shift-Dir - straight line, f/p - troll
Aim: a troll (70% to hit)
You shoot a stone. The stone hits the troll!
The troll is lightly wounded.
You block the howler monkey's attack. The troll bites you but does no damage.
You block the troll's attack. The troll claws you!
The howler monkey hoots and howls with incredible vigour!
Fire: 296 stones
Press: ? - help, Q - select action, (/) - cycle Shift-Dir - straight line, f/p - troll
Aim: a troll (lightly wounded, 70% to hit)
You shoot a stone. The stone hits the troll!
The troll is poisoned.
The troll is heavily wounded.
The troll bites you. You block the troll's attack.
The troll claws you but does no damage. The howler monkey barely misses you.
Fire: 295 stones
Press: ? - help, Q - select action, (/) - cycle Shift-Dir - straight line, f/p - troll
Aim: a troll (moderately wounded, very poisoned, 70% to hit)
You shoot a stone. The stone hits the troll.
The troll looks as sick as possible!
The troll is heavily wounded.
You block the howler monkey's attack. The troll bites you!
You block the troll's attack. The troll closely misses you.
You block the howler monkey's attack.
Fire: 294 stones
Press: ? - help, Q - select action, (/) - cycle Shift-Dir - straight line, f/p - troll
Aim: a troll (heavily wounded, extremely poisoned, 70% to hit)
You shoot a stone.
The stone hits the troll but does no damage.
The troll looks as sick as possible!
The troll is heavily wounded.
You block the troll's attack. The troll claws you!
* * * LOW HITPOINT WARNING * * *
You block the troll's attack. The howler monkey barely misses you.
The troll bites you!
* * * LOW HITPOINT WARNING * * *
The troll claws you.
* * * LOW HITPOINT WARNING * * *
The troll claws you!
You die...

#.#.....##########.#.......######
#.#................#.......# #
#.#................#.......# #
#.#.......##########.......# #
+.#.......#................# #
#.#.......#................# #
..#.####'##...########.....# #
..###.<.......#..)...#.....######
..............#h@....#...........
#######.......#.T....#.......####
#.......#......#.......#
#.......#.(....#.......#
#.......#'######.......#
#......................#
#######......................####
.................................
#...............................#


You could see a troll (extremely poisoned) and a howler monkey.

Vanquished Creatures
  A two-headed ogre (D:9)
  A hornet (D:10)
  8 yaks
  A vampire (D:9)
  Edmund (D:6)
  2 water moccasins
  3 orc warriors
  An ice beast (D:6)
  A black bear (D:5)
  A necrophage (D:5)
  3 ogres
  A centaur (D:6)
  A wyvern zombie (D:9)
  A gnoll sergeant (D:8)
  A scorpion (D:7)
  18 killer bees
  A bullfrog zombie (D:5)
  A centaur zombie (D:6)
  4 jellies
  A bullfrog skeleton (D:6)
  7 orc priests
  4 hounds
  Crazy Yiuf (D:6)
  4 iguanas
  5 orc wizards
  A killer bee zombie (D:7)
  8 gnolls
  9 adders
  A howler monkey skeleton (D:7)
  3 white imps (D:7)
  3 adder skeletons
  4 worms
  19 orcs
  3 bats
  6 endoplasms
  4 giant cockroaches
  4 goblins
  6 hobgoblins
  3 jackals
  9 kobolds
  3 quokkas
  6 ball pythons
  4 frilled lizards
  6 rats (D:2)
175 creatures vanquished.

Vanquished Creatures (others)
  2 fungi (D:6)
2 creatures vanquished.

Grand Total: 177 creatures vanquished

Notes
Turn   | Place    | Note
-------+----------+-------------------------------------------
     0 | D:1      | Renzlar the Gnoll Fighter began the quest for the Orb.
     0 | D:1      | Reached XP level 1. HP: 23/23 MP: 1/1
   292 | D:1      | Reached XP level 2. HP: 28/29 MP: 2/2
   819 | D:1      | Found a faded altar of an unknown god.
  1117 | D:2      | Reached XP level 3. HP: 35/35 MP: 3/3
  1292 | D:2      | Reached skill level 1 in Invocations
  1369 | D:2      | Reached skill level 1 in Short Blades
  1369 | D:2      | Reached skill level 1 in Long Blades
  1369 | D:2      | Reached skill level 1 in Maces & Flails
  1369 | D:2      | Reached skill level 1 in Polearms
  1369 | D:2      | Reached skill level 1 in Staves
  1369 | D:2      | Reached skill level 1 in Slings
  1369 | D:2      | Reached skill level 1 in Bows
  1369 | D:2      | Reached skill level 1 in Crossbows
  1369 | D:2      | Reached skill level 1 in Throwing
  1369 | D:2      | Reached skill level 1 in Dodging
  1369 | D:2      | Reached skill level 1 in Stealth
  1369 | D:2      | Reached skill level 1 in Unarmed Combat
  1369 | D:2      | Reached skill level 1 in Spellcasting
  1369 | D:2      | Reached skill level 1 in Evocations
  1384 | D:2      | Found an ancient bone altar of Kikubaaqudgha.
  1389 | D:2      | Reached XP level 4. HP: 41/41 MP: 5/5
  1896 | D:3      | Reached skill level 1 in Conjurations
  1896 | D:3      | Reached skill level 1 in Hexes
  1896 | D:3      | Reached skill level 1 in Summonings
  1896 | D:3      | Reached skill level 1 in Necromancy
  1896 | D:3      | Reached skill level 1 in Translocations
  1896 | D:3      | Reached skill level 1 in Transmutations
  1896 | D:3      | Reached skill level 1 in Fire Magic
  1896 | D:3      | Reached skill level 1 in Ice Magic
  1896 | D:3      | Reached skill level 1 in Air Magic
  1896 | D:3      | Reached skill level 1 in Earth Magic
  1896 | D:3      | Reached skill level 1 in Poison Magic
  2172 | D:2      | Reached XP level 5. HP: 9/47 MP: 5/7
  3136 | D:4      | Reached XP level 6. HP: 51/53 MP: 8/8
  3152 | D:4      | Found a staircase to the Ecumenical Temple.
  3156 | D:4      | Noticed a water moccasin
  3162 | Temple   | Entered the Ecumenical Temple
  3172 | Temple   | Killed a water moccasin
  3173 | Temple   | Reached skill level 5 in Axes
  3487 | Temple   | Became a worshipper of Warmaster Okawaru
  3734 | D:4      | Found a basalt altar of Yredelemnul.
  4028 | D:4      | Reached XP level 7. HP: 43/59 MP: 10/10
  4225 | D:5      | Entered Level 5 of the Dungeon
  4418 | D:5      | Reached * piety under Okawaru
  4724 | D:5      | Reached XP level 8. HP: 62/67 MP: 12/12
  5027 | D:5      | Noticed a yak
  5027 | D:5      | Noticed a yak
  5027 | D:5      | Noticed a yak
  5037 | D:5      | Noticed a yak
  5043 | D:5      | Killed a yak
  5046 | D:5      | Killed a yak
  5054 | D:5      | Killed a yak
  5054 | D:5      | Reached ** piety under Okawaru
  5060 | D:5      | Killed a yak
  5697 | D:6      | Reached XP level 9. HP: 67/73 MP: 11/14
  5860 | D:6      | Noticed Edmund
  5874 | D:6      | Killed Edmund
  5994 | D:6      | Identified the +6 hunting sling "Giantbane" {venom, rC+
                  | Will+ Str+3}
  6523 | D:6      | Found a runed translucent door.
  6524 | D:6      | Noticed Crazy Yiuf
  6530 | D:6      | Killed Crazy Yiuf
  7109 | D:7      | Reached *** piety under Okawaru
  7111 | D:7      | Identified the +4 leather armour "Cenutw Iqah" {Will+
                  | Dex+6}
  8296 | D:8      | Found a bloodstained altar of Trog.
  8411 | D:8      | Reached skill level 5 in Invocations
  8421 | D:8      | HP: 3/74 [poisoned by you]
  8863 | D:8      | Reached XP level 10. HP: 73/80 MP: 17/17
  9037 | D:8      | Reached **** piety under Okawaru
  9039 | D:8      | Reached skill level 5 in Short Blades
  9039 | D:8      | Reached skill level 5 in Long Blades
  9039 | D:8      | Reached skill level 5 in Maces & Flails
  9039 | D:8      | Reached skill level 5 in Polearms
  9039 | D:8      | Reached skill level 5 in Staves
  9039 | D:8      | Reached skill level 5 in Slings
  9039 | D:8      | Reached skill level 5 in Bows
  9039 | D:8      | Reached skill level 5 in Crossbows
  9039 | D:8      | Reached skill level 5 in Throwing
  9039 | D:8      | Reached skill level 5 in Dodging
  9039 | D:8      | Reached skill level 5 in Stealth
  9039 | D:8      | Reached skill level 5 in Unarmed Combat
  9039 | D:8      | Reached skill level 5 in Spellcasting
  9039 | D:8      | Reached skill level 5 in Evocations
  9300 | D:9      | Received a gift from Okawaru
 10284 | D:10     | Entered Level 10 of the Dungeon
 10287 | D:10     | Noticed a two-headed ogre
 10295 | D:9      | Killed a two-headed ogre
 10295 | D:9      | Received a gift from Okawaru
 10307 | D:9      | Slain by a troll

Illustrated notes

Levels and vault maps discovered:
D:1:      dpeg_arrival_chambers_temple_mockup, layout_basic,
          dilly_ecumenical_altar_fadedgnrine, chequers_garden,
          hangedman_decor_points, minmay_misc_feat_square
D:2:      layout_loops_cross, basic_altar, minmay_pentomino_t4
D:3:      layout_basic
D:4:      layout_rooms, mainiacjoe_overflow_boulevard,
          minmay_temple_entry_arrows
D:5:      layout_loops_corners
D:6:      layout_basic, uniq_crazy_yiuf_cottage, uniq_edmund
D:7:      layout_layer_cave
D:8:      layout_basic, mainiacjoe_overflow_brackets
D:9:      layout_irregular_city
D:10:     hangedman_cross_stitches, layout_gridville, lair_entry_dummy
Temple:   regret_index_temple_chain_breaker

Skill      XL: |  1  2  3  4  5  6  7  8  9 10 |
---------------+-------------------------------+-----
Invocations    | 1 2 3 4 5 6 |  6.0
Short Blades   | 1 2 3 4 5 |  5.4
Long Blades    | 1 2 3 4 5 |  5.4
Maces & Flails | 1 2 3 4 5 |  5.4
Polearms       | 1 2 3 4 5 |  5.4
Staves         | 1 2 3 4 5 |  5.4
Slings         | 1 2 3 4 5 |  5.4
Bows           | 1 2 3 4 5 |  5.4
Crossbows      | 1 2 3 4 5 |  5.4
Throwing       | 1 2 3 4 5 |  5.4
Dodging        | 1 2 3 4 5 |  5.4
Stealth        | 1 2 3 4 5 |  5.4
Unarmed Combat | 1 2 3 4 5 |  5.4
Spellcasting   | 1 2 3 4 5 |  5.4
Evocations     | 1 2 3 4 5 |  5.4
Conjurations   | 1 2 3 4 |  4.5
Hexes          | 1 2 3 4 |  4.5
Summonings     | 1 2 3 4 |  4.5
Necromancy     | 1 2 3 4 |  4.5
Translocations | 1 2 3 4 |  4.5
Transmutations | 1 2 3 4 |  4.5
Fire Magic     | 1 2 3 4 |  4.5
Ice Magic      | 1 2 3 4 |  4.5
Air Magic      | 1 2 3 4 |  4.5
Earth Magic    | 1 2 3 4 |  4.5
Poison Magic   | 1 2 3 4 |  4.5
Axes           | 5 6 7 |  7.2
Fighting       | 7 8 |  8.6
Armour         | 7 8 |  8.6
Shields        | 7 8 |  8.6

Action                   |  1- 3 |  4- 6 |  7- 9 | 10-12 || total
-------------------------+-------+-------+-------+-------++-------
Melee: War axe           |    90 |   123 |   182 |    17 ||   412
       Bite              |     5 |     8 |    24 |     3 ||    40
       Rapier            |       |       |    10 |       ||    10
 Fire: Hunting sling     |       |       |    92 |    80 ||   172
Throw: Boomerang         |     3 |    27 |    18 |       ||    48
       Dart              |       |       |     6 |       ||     6
Invok: Heroism           |       |       |     3 |     1 ||     4
Evoke: Wand              |       |       |       |     2 ||     2
  Use: Scroll            |     1 |     8 |     7 |     3 ||    19
Armor: Scale mail        |    42 |    38 |       |       ||    80
       Plate armour      |       |    12 |   103 |    14 ||   129
       Chain mail        |       |       |       |     9 ||     9
Dodge: Dodged            |    31 |    23 |    20 |    23 ||    97
Block: Buckler           |    22 |     2 |       |       ||    24
       Tower shield      |       |    87 |   180 |    89 ||   356
